 Dungeon Crawl Stone Soup version 0.16-a0-1813-g064e3e6 (console) character file.

127 TALISMASHER the Cudgeler (level 5, 0/41 HPs)
             Began as a Formicid Fighter on Nov 10, 2014.
             Slain by an orc priest
             ... wielding a +0 trident of flaming
              (2 damage)
             ... on level 3 of the Dungeon.
             The game lasted 00:03:27 (2123 turns).

TALISMASHER the Cudgeler (Formicid Fighter)         Turns: 2123, Time: 00:03:27

Health: 0/41       AC:  5    Str: 21    XL:     5   Next: 33%
Magic:  7/7        EV:  8    Int:  7    God:
Gold:   120        SH:  9    Dex: 11    Spells: 0 memorised, 4 levels left

rFire  . . .     SeeInvis +     a - +0 flail
rCold  . . .     Clarity  .     h - +0 ring mail (curse)
rNeg   . . .     SustAb   .     c - +0 shield
rPois  .         Gourm    .     (helmet unavailable)
rElec  .         Spirit   .     (no cloak)
rCorr  .         Warding  .     (no gloves)
rMut   .         Stasis   +     (no boots)
MR     .....                    (no amulet)
Stlth  +.........               (no ring)
                                (no ring)

@: not resistant to hostile enchantments, very unstealthy
A: permanent stasis, dig shafts and tunnels, four strong arms, antennae 3
a: Dig, Shaft Self


You were on level 3 of the Dungeon.
You were not hungry.

You visited 1 branch of the dungeon, and saw 3 of its levels.

You collected 120 gold pieces.

Inventory:

Hand weapons
 a - a +0 flail (weapon)
Armour
 c - a +0 shield (worn)
 h - a cursed +0 ring mail (worn)
 o - a +0 chain mail
Magical devices
 n - a wand of hasting (1)
Scrolls
 f - 4 scrolls of remove curse {unknown}
 g - 3 scrolls of teleportation {unknown}
 k - 3 scrolls of enchant armour {unknown}
 q - a scroll of random uselessness {unknown}
Potions
 b - a potion of magic {unknown}
 e - a potion of might
 i - a potion of cancellation {unknown}
 j - a potion of brilliance {unknown}
 l - a potion of haste
 m - 2 potions of curing {unknown}
Comestibles
 d - 2 bread rations
 p - 3 meat rations
 r - 6 chunks of flesh


   Skills:
 - Level 3.2 Fighting
 + Level 5.1 Maces & Flails
 - Level 3.2 Armour
 - Level 3.6 Shields


You had 4 spell levels left.
You didn't know any spells.

Dungeon Overview and Level Annotations

Branches:
Dungeon (3/15)

Altars:
Cheibriados
Gozag
Kikubaaqudgha


Innate Abilities, Weirdness & Mutations

You are under a permanent stasis effect.
You can dig through walls and to a lower floor.
Your four strong arms can wield two-handed weapons with a shield.
You have a pair of large antennae on your head (SInv).


Message History

You hit the orc priest.
The orc priest is lightly wounded.
You block the orc priest's attack.
You barely miss the orc priest.
The orc priest is lightly wounded.
The orc priest hits you with a glowing trident.
The orc priest burns you.
You barely miss the orc priest.
The orc priest is lightly wounded.
The orc priest hits you with a trident of flaming!
* * * LOW HITPOINT WARNING * * *
The orc priest burns you.
* * * LOW HITPOINT WARNING * * *
Unknown command.
Drink which item? (? for menu, Esc to quit)
Your stasis keeps you stable.
It was a potion of haste.
The orc priest hits you with a trident of flaming.
* * * LOW HITPOINT WARNING * * *
The orc priest burns you.
You die...

....# ...# ...#
..# ..# #.# #
#.#.#
#############oo.#
#...........@#o.#
#............#..#
#............#..#
#............#o.#
#............#.>.
#............#####
#............#
#............#
#............#


You could see 2 orc priests.

Vanquished Creatures
  A black bear skeleton (D:3)
  Ijyb (D:2)
  Terence (D:3)
  An adder (D:2)
  A worm (D:2)
  A giant gecko (D:1)
  2 oozes
  2 orcs (D:3)
  5 giant cockroaches
  4 hobgoblins
  4 jackals (D:2)
  4 kobolds
  2 ball pythons (D:1)
  8 bats
  2 giant newts (D:1)
  12 goblins
  3 rats
54 creatures vanquished.

Notes
Turn   | Place    | Note
--------------------------------------------------------------
     0 | D:1      | TALISMASHER, the Formicid Fighter, began the quest for the Orb.
     0 | D:1      | Reached XP level 1. HP: 18/18 MP: 1/1
    55 | D:1      | Reached XP level 2. HP: 13/24 MP: 3/3
   699 | D:1      | Reached XP level 3. HP: 29/29 MP: 4/4
  1192 | D:2      | Found an opulent altar of Gozag.
  1274 | D:2      | Found a snail-covered altar of Cheibriados.
  1314 | D:2      | Reached skill level 4 in Maces & Flails
  1314 | D:2      | Reached XP level 4. HP: 22/35 MP: 5/5
  1448 | D:2      | Noticed Ijyb
  1466 | D:2      | Killed Ijyb
  1805 | D:3      | Found an ancient bone altar of Kikubaaqudgha.
  1909 | D:3      | Reached XP level 5. HP: 24/41 MP: 7/7
  2045 | D:3      | Noticed Terence
  2062 | D:3      | Killed Terence
  2062 | D:3      | Reached skill level 5 in Maces & Flails
  2123 | D:3      | HP: 2/41 [orc priest/trident of flaming (4)]
  2123 | D:3      | Slain by an orc priest

Action                   |  1- 3 |  4- 6 || total
-------------------------+-------+-------++-------
Melee: Flail             |   105 |    84 ||   189
  Use: Potion            |       |     1 ||     1
  Eat: Chunk             |     1 |     3 ||     4
